Map: Lightshade LE

Players

Reynor - Winner!

  • Race: Zerg Zerg

Krystianer

  • Race: Protoss Protoss

Event: DreamHack SC2 Masters 2021 Winter

VOD

Have the link to the VOD?

Description

Time

  • Played on: Oct. 1, 2021, 11:15 a.m.
  • Length: 6:45

All games in this series

Show
View Real Time Build Order
Export as new Build Order

Reynor Zerg - Winner!

Build Orders: Hatch First 

Get SALT Encoding   

  12  0:00  Drone  
  13  0:12  Overlord  
  13  0:16  Drone  
  14  0:30  Drone x2  
  16  0:43  Drone  
  17  0:51  Hatchery  
  17  0:54  Drone  
  17  0:59  Drone  
  17  1:01  Extractor  
  17  1:13  Spawning Pool  
  17  1:16  Drone  
  17  1:21  Drone  
  18  1:28  Drone  
  19  1:38  Drone  
  20  1:52  Overlord  
  20  2:00  Queen  
  22  2:02  Metabolic Boost  
  22  2:03  Queen  
  22  2:05  Zergling x2  
  25  2:08  Zergling x2  
  25  2:13  Drone  
  25  2:14  Drone  
  28  2:21  Zergling x2  
  29  2:24  Zergling x2  
  30  2:37  Hatchery  
  30  2:39  Zergling x2  
  30  2:40  Zergling x2  
  31  2:48  Overlord  
  31  2:49  Drone  
  31  2:53  Drone  
  32  3:00  Drone  
  32  3:02  Queen  
  35  3:07  Drone x2  
  35  3:12  Zergling x4  
  39  3:13  Zergling x2  
  40  3:21  Zergling x4  
  41  3:29  Drone  
  41  3:31  Drone  
  41  3:33  Queen  
  44  3:39  Overlord  
  44  3:40  Drone  
  44  3:47  Queen  
  41  3:49  Spore Crawler  
  41  3:50  Drone x3  
  41  3:52  Drone  
  44  3:59  Drone  
  44  4:01  Drone  
  46  4:04  Drone  
  46  4:08  Queen  
  48  4:10  Drone x2  
  48  4:12  Queen  
  52  4:18  Overlord  
  52  4:20  Drone  
  53  4:26  Spore Crawler  
  53  4:27  Drone x2  
  53  4:28  Drone x2  
  53  4:30  Drone  
  57  4:34  Overlord  
  57  4:36  Drone  
  57  4:37  Drone x2  
  60  4:44  Roach Warren  
  60  4:45  Extractor  
  58  4:48  Overlord  
  58  4:49  Zergling x4  
  58  4:52  Zergling x4  
  62  4:56  Drone  
  62  4:57  Drone  
  62  4:59  Queen  
  66  5:02  Overlord  
  66  5:04  Overlord  
  66  5:09  Drone  
  67  5:24  Roach  
  67  5:25  Roach x7  
  67  5:26  Roach  
  85  5:29  Queen  
  85  5:33  Overlord  
  87  5:37  Zergling x2, Roach  
  87  5:39  Overlord  
  89  5:50  Overlord  
  89  5:52  Zergling x4  
  89  5:53  Zergling x14  
  89  5:57  Overlord  
  98  6:00  Ravager x2  
  98  6:01  Zergling x6  
  98  6:03  Zergling x4  
  105  6:07  Overlord  
  104  6:16  Zergling x6  
  104  6:21  Zergling x8  
  104  6:23  Zergling x2  
Show
View Real Time Build Order
Export as new Build Order

Krystianer Protoss 

Build Orders: 1 Gate Expand, Oracle Opening 

Get SALT Encoding   

  12  0:00  Probe  
  13  0:12  Probe  
  14  0:19  Pylon  
  14  0:24  Probe (Chrono Boost)  
  15  0:38  Probe (Chrono Boost)  
  15  0:40  Gateway  
  16  0:46  Probe (Chrono Boost)  
  17  0:50  Assimilator  
  17  0:52  Probe  
  18  1:04  Probe  
  19  1:16  Probe  
  20  1:27  Nexus  
  20  1:37  Cybernetics Core  
  20  1:40  Probe  
  20  1:45  Assimilator  
  21  1:52  Probe  
  22  1:57  Pylon  
  22  2:04  Probe  
  23  2:12  Adept (Chrono Boost)  
  25  2:16  Probe  
  25  2:19  Stargate  
  26  2:26  Warp Gate  
  26  2:29  Probe (Chrono Boost)  
  27  2:32  Adept (Chrono Boost)  
  29  2:39  Probe (Chrono Boost)  
  31  2:46  Probe (Chrono Boost)  
  31  2:48  Probe (Chrono Boost)  
  32  2:53  Probe x2 (Chrono Boost)  
  34  3:01  Oracle (Chrono Boost)  
  34  3:04  Probe  
  34  3:05  Probe  
  39  3:12  Adept  
  41  3:16  Probe  
  41  3:17  Probe  
  43  3:25  Gateway  
  39  3:29  Probe  
  39  3:33  Probe  
  39  3:41  Probe  
  39  3:45  Probe  
  38  3:51  Void Ray  
  38  3:53  Probe  
  39  3:58  Probe  
  39  4:02  Gateway  
  44  4:05  Probe  
  45  4:10  Probe  
  45  4:11  Assimilator  
  45  4:14  Assimilator  
  45  4:15  Pylon  
  46  4:26  Stargate  
  46  4:33  Probe (Chrono Boost)  
  46  4:35  Probe (Chrono Boost)  
  48  4:38  Pylon  
  48  4:41  Adept  
  51  4:45  Probe (Chrono Boost)  
  51  4:50  Pylon  
  51  4:51  Probe (Chrono Boost)  
  51  4:52  Probe (Chrono Boost)  
  53  4:58  Probe  
  53  4:59  Nexus  
  54  5:00  Probe  
  54  5:04  Void Ray (Chrono Boost)  
  59  5:17  Void Ray (Chrono Boost), Probe (Chrono Boost)  
  59  5:18  Probe (Chrono Boost)  
  65  5:24  Forge  
  65  5:29  Probe (Chrono Boost)  
  65  5:30  Pylon  
  65  5:34  Probe (Chrono Boost)  
  67  5:36  Probe (Chrono Boost)  
  67  5:41  Shield Battery  
  67  5:42  Void Ray  
  68  5:43  Probe  
  68  5:46  Probe  
  74  5:56  Photon Cannon  
  74  5:58  Photon Cannon  
  74  6:02  Photon Cannon  
  74  6:06  Photon Cannon  
  74  6:11  Photon Cannon  
  74  6:17  Photon Cannon  
  70  6:25  Probe  
  70  6:28  Probe x2  

Tags
 
Add a new tag
Caveats
  • Supply blocks, unpowered buildings, or Contaminate may cause inaccurate times.
  • Supply counts are checked every 10 seconds.